 Dungeon Crawl Stone Soup version 0.23.0-2-g0fe3ce5 (console) character file.

Game seed: 18172557498000324270

17528 erker the Cleaver (level 12, -13/106 HPs)
             Began as a Minotaur Fighter on Feb 19, 2019.
             Was a Priest of Qazlal.
             Mangled by Rupert
             ... wielding a +0 great sword of slicing
              (16 damage)
             ... on level 15 of the Dungeon.
             The game lasted 00:41:40 (11767 turns).

erker the Cleaver (Minotaur Fighter)               Turns: 11767, Time: 00:41:41

Health: -13/106    AC:  9    Str: 25    XL:     12   Next: 19%
Magic:  9/13       EV: 17    Int:  6    God:    Qazlal [***...]
Gold:   899        SH: 19    Dex: 13    Spells: 11/11 levels left

rFire    . . .     SeeInvis .   a - +0 war axe
rCold    + . .     Gourm    .   D - +2 shield {rPois}
rNeg     . . .     Faith    .   L - +2 leather armour "Xympeuch" {Dex+3 Slay+3}
rPois    +         Spirit   .   (helmet restricted)
rElec    .         Reflect  .   (no cloak)
rCorr    .         Harm     .   (no gloves)
MR       .....                  S - +2 pair of boots
Stlth    +.........             (no amulet)
HPRegen  0.27/turn              M - +2 ring of evasion
MPRegen  0.13/turn              s - ring of protection from cold

@: very slightly contaminated, invisible
A: retaliatory headbutt, horns 2
a: Upheaval, Elemental Force, Renounce Religion


You were on level 15 of the Dungeon.
You worshipped Qazlal.
Qazlal was most pleased with you.
You were very hungry.

You visited 2 branches of the dungeon, and saw 14 of its levels.

You collected 899 gold pieces.

Inventory:

Hand Weapons
 a - a +0 war axe (weapon)
 j - a +0 hunting sling
 N - a +4 battleaxe
 Q - a +0 hand crossbow
 Y - a +0 flail of draining
Missiles
 c - 5 needles of confusion
 v - 10 poisoned needles
 y - 3 curare-tipped needles
 B - 103 sling bullets
 P - a throwing net (quivered)
 T - 77 bolts
Armour
 b - a +0 scale mail
 l - a +0 large shield
 D - a +2 shield of poison resistance (worn)
 L - the +2 leather armour "Xympeuch" (worn) {Dex+3 Slay+3}
   (You found it on level 7 of the Dungeon)

   It affects your dexterity (+3).
   It affects your accuracy and damage with ranged weapons and melee attacks
   (+3).
 S - a +2 pair of boots (worn)
Jewellery
 s - a ring of protection from cold (right hand)
 A - an uncursed ring of resist corrosion
 M - a +2 ring of evasion (left hand)
Wands
 g - a wand of iceblast (1)
 k - a wand of disintegration (4)
 F - a wand of acid (9)
 G - a wand of random effects (19)
 H - a wand of polymorph (8)
 J - a wand of enslavement (8)
 K - a wand of scattershot (4)
Scrolls
 h - a scroll of magic mapping {unknown}
 i - 7 scrolls of remove curse {unknown}
 o - 3 scrolls of immolation {unknown}
 q - 8 scrolls of teleportation
 r - 2 scrolls of identify
 t - 3 scrolls of amnesia {unknown}
 u - 2 scrolls of fear {unknown}
 w - 3 scrolls of blinking {unknown}
 C - a scroll of noise {unknown}
 I - a scroll of fog {unknown}
 O - a scroll of enchant weapon {unknown}
 U - a scroll of vulnerability {unknown}
 Z - a scroll of acquirement {unknown}
Potions
 d - 4 potions of might
 e - 2 potions of curing
 p - 3 potions of agility
 z - 2 potions of mutation
 E - 2 potions of brilliance
 R - a potion of haste
 V - a potion of flight {unknown}
Miscellaneous
 X - a phantom mirror
Comestibles
 f - 20 rations


   Skills:
 + Level 10.0 Fighting
 + Level 14.8 Axes
 * Level 9.1 Armour
 + Level 6.7 Dodging
 + Level 11.4 Shields
 * Level 3.2 Invocations


You had 11 spell levels left.
You didn't know any spells.
Your spell library contained the following spells:

 Spells                   Type           Power        Failure   Level  Hunger
 Corona                   Hex            #......      65%         1    ##.....
 Shock                    Conj/Air       #...         65%         1    ##.....
 Sting                    Conj/Pois      #...         65%         1    ##.....
 Poisonous Vapours        Pois/Air       #.....       80%         2    ###....
 Slow                     Hex            #.......     80%         2    ###....
 Swiftness                Chrm/Air       #.......     80%         2    ###....
 Inner Flame              Hex/Fire       #.......     95%         3    ####...
 Mephitic Cloud           Conj/Pois/Air  #.......     95%         3    ####...
 Portal Projectile        Hex/Tloc       #.....       95%         3    ####...
 Static Discharge         Conj/Air       #.......     95%         3    ####...
 Airstrike                Air            #.........   100%        4    #####..
 Cause Fear               Hex            #.........   100%        4    #####..
 Leda's Liquefaction      Hex/Erth       #.........   100%        4    #####..
 Olgreb's Toxic Radiance  Pois           #.......     100%        4    #####..
 Lightning Bolt           Conj/Air       #.........   100%        5    ######.
 Venom Bolt               Conj/Pois      #.........   100%        5    ######.


Dungeon Overview and Level Annotations

Branches:
Dungeon (12/15)            Temple (1/1) D:7            Lair (0/6) D:10
    Orc (0/2) D:11

Altars:
Ashenzari
Cheibriados
Dithmenos
Elyvilon
Fedhas
Gozag
Hepliaklqana
Kikubaaqudgha
Makhleb
Okawaru
Qazlal
Ru
Sif Muna
Trog
Uskayaw
Vehumet
Wu Jian
Xom
Zin
The Shining One
Beogh
Jiyva

Annotations:
D:5 Prince Ribbit
D:11 exclusion: door
D:12 syranez's ghost, journeyman TrBe
D:15 Rupert


Innate Abilities, Weirdness & Mutations

You reflexively headbutt those who attack you in melee.
You have a pair of horns on your head.


Message History

Rupert is almost dead.
You block Rupert's attack.
You hit Rupert.
Rupert is almost dead.
You block Rupert's attack. You block Rupert's attack.
Aiming: Upheaval
Press: ? - help, Dir - move target cursor, f - Rupert
Aim: Rupert, wielding a +0 great sword of slicing and wearing a +0 scale mail (almost dead, berserk, fast, unusually strong) That beam is likely to hit you.
Continue anyway?
Okay, then.
Unknown command.
Unknown command.
Aiming: Upheaval
Press: ? - help, Dir - move target cursor, p - Rupert A blizzard blasts the area with ice!
The storm surrounding you is now too weak to repel missiles.
You will no longer adapt resistances upon receiving elemental damage.
Rupert hits you with a +0 great sword of slicing!
You die...

#...... #......
. ......
..##)...###
........#.
........'
$.....†.#
#####@###
#...@§..#
#..§....#
#...§...#
###+#..##
#.............#
#.............#
#.............#
#....######...#
#.... ....


You could see Rupert (berserk).

Vanquished Creatures
  A catoblepas (D:15)
  A centaur warrior (D:12)
  A two-headed ogre (D:12)
  3 cyclopes (D:11)
  2 ugly things
  Psyche (D:8)
  A gargoyle (D:12)
  A kobold demonologist (D:11)
  2 trolls
  A jumping spider (shapeshifter) (D:12)
  A hornet (D:9)
  2 hippogriffs
  4 slime creatures
  A wraith (D:11)
  A spriggan (D:7)
  2 shadows
  A wyvern (D:8)
  17 yaks
  Grum (D:9)
  A hungry ghost (D:8)
  2 wargs (D:10)
  10 orc warriors
  A black bear (D:12)
  3 ice beasts
  A necrophage (D:8)
  A phantom (D:5)
  3 sky beasts
  3 boggarts (D:12)
  An eye of draining (D:11)
  3 wolves (D:9)
  7 ogres
  5 centaurs
  A crocodile (D:8)
  4 big kobolds
  7 bullfrogs
  Blork the orc (D:6)
  2 wyvern zombies (D:12)
  7 scorpions
  A wyvern skeleton (D:6)
  3 wights (D:9)
  A howler monkey (D:4)
  7 crimson imps
  A quasit (D:12)
  A bullfrog zombie (D:12)
  A centaur zombie (D:6)
  6 hounds
  6 jellies
  19 orc priests
  12 orc wizards
  A centaur skeleton (D:8)
  3 iguanas
  9 worker ants
  A killer bee zombie (D:9)
  A hound zombie (D:6)
  A hound skeleton (D:5)
  3 worker ant zombies
  A howler monkey zombie (D:6)
  4 gnolls (D:8)
  10 adders
  A shadow imp (D:6)
  2 oozes
  2 adder skeletons
  A worm (D:3)
  2 dart slugs
  4 leopard geckos
  46 orcs
  11 giant cockroaches
  9 goblins
  9 hobgoblins
  13 kobolds
  4 quokkas
  10 bats
  7 frilled lizards
  A leopard gecko skeleton (D:4)
  A quokka skeleton (D:4)
  12 rats
334 creatures vanquished.

Vanquished Creatures (others)
  4 toadstools (D:8)
4 creatures vanquished.

Grand Total: 338 creatures vanquished

Notes
Turn   | Place    | Note
-------+----------+-------------------------------------------
     0 | D:1      | erker the Minotaur Fighter began the quest for the Orb.
     0 | D:1      | Reached XP level 1. HP: 19/19 MP: 0/0
   106 | D:1      | Reached XP level 2. HP: 27/27 MP: 1/1
   566 | D:1      | Reached skill level 3 in Axes
   633 | D:1      | Reached XP level 3. HP: 31/33 MP: 2/2
  1099 | D:2      | Found a hide-covered altar of Uskayaw.
  1186 | D:2      | Found a deep blue altar of Sif Muna.
  1230 | D:2      | Reached XP level 4. HP: 24/40 MP: 3/3
  1317 | D:2      | Found a white marble altar of Elyvilon.
  1835 | D:3      | Reached skill level 4 in Axes
  1835 | D:3      | Reached skill level 1 in Dodging
  1835 | D:3      | Reached XP level 5. HP: 14/46 MP: 4/4
  2029 | D:3      | Found a blossoming altar of Fedhas.
  2567 | D:4      | Reached skill level 5 in Shields
  3142 | D:5      | Entered Level 5 of the Dungeon
  3142 | D:5      | Noticed an ice beast
  3153 | D:5      | Killed an ice beast
  3153 | D:5      | Reached skill level 5 in Axes
  3153 | D:5      | Reached XP level 6. HP: 53/53 MP: 5/5
  3166 | D:5      | Reached skill level 5 in Armour
  3303 | D:5      | Noticed Prince Ribbit
  3340 | D:5      | Found an opulent altar of Gozag.
  4244 | D:5      | Reached XP level 7. HP: 43/60 MP: 6/6
  4255 | D:5      | Reached skill level 6 in Axes
  4354 | D:5      | Found a shattered altar of Ashenzari.
  4354 | D:5      | Found a glowing golden altar of the Shining One.
  4614 | D:5      | Reached skill level 5 in Fighting
  4859 | D:6      | Found a sacrificial altar of Ru.
  4880 | D:6      | Reached skill level 7 in Axes
  4915 | D:6      | Reached XP level 8. HP: 48/68 MP: 7/7
  4926 | D:6      | Noticed Blork the orc
  4937 | D:6      | Killed Blork the orc
  5391 | D:6      | Found a burning altar of Makhleb.
  5472 | D:6      | Reached skill level 8 in Axes
  5948 | D:7      | Got a polished leather armour
  5959 | D:7      | Identified the +2 leather armour "Xympeuch" {Dex+3 Slay+3}
                  | (You found it on level 7 of the Dungeon)
  6057 | D:7      | Found a staircase to the Ecumenical Temple.
  6066 | Temple   | Entered the Ecumenical Temple
  6193 | Temple   | Became a worshipper of Qazlal Stormbringer
  6261 | D:7      | Reached XP level 9. HP: 70/77 MP: 8/8
  6286 | D:7      | Reached skill level 9 in Axes
  6389 | D:7      | Found an iron altar of Okawaru.
  7004 | D:8      | Reached skill level 10 in Axes
  7008 | D:8      | HP: 5/177 [wyvern (11)]
  7009 | D:8      | HP: 1/177 [necrophage (4)]
  7011 | D:8      | Reached * piety under Qazlal
  7172 | D:8      | Reached XP level 10. HP: 20/88 MP: 9/9
  7174 | D:8      | Noticed Psyche
  7285 | D:8      | Killed Psyche
  7285 | D:8      | Reached skill level 11 in Axes
  7980 | D:9      | Found a shadowy altar of Dithmenos.
  8136 | D:9      | Found a shimmering altar of Xom.
  8144 | D:9      | Reached skill level 5 in Dodging
  8264 | D:9      | Found a snail-covered altar of Cheibriados.
  8285 | D:9      | Noticed Grum
  8288 | D:9      | Reached ** piety under Qazlal
  8301 | D:9      | Killed Grum
  8303 | D:9      | Reached skill level 12 in Axes
  8725 | D:10     | Entered Level 10 of the Dungeon
  8786 | D:10     | Found a viscous altar of Jiyva.
  8991 | D:10     | Found a staircase to the Lair.
  9057 | D:10     | Reached skill level 10 in Shields
 10115 | D:11     | Noticed a cyclops
 10119 | D:11     | Killed a cyclops
 10183 | D:11     | Noticed a five-headed hydra
 10194 | D:11     | Noticed a brown ugly thing
 10207 | D:11     | Killed a brown ugly thing
 10207 | D:11     | Reached XP level 11. HP: 65/95 MP: 10/10
 10240 | D:11     | Reached skill level 13 in Axes
 10585 | D:11     | Found a sacrificial altar of Ru.
 10713 | D:11     | Reached *** piety under Qazlal
 10739 | D:11     | Found a staircase to the Orcish Mines.
 10801 | D:11     | Found a roughly hewn altar of Beogh.
 10884 | D:11     | Reached skill level 14 in Axes
 10924 | D:11     | Reached skill level 1 in Invocations
 10956 | D:11     | Found a roughly hewn altar of Beogh.
 11125 | D:12     | Noticed syranez's ghost (journeyman TrBe)
 11208 | D:11     | Reached **** piety under Qazlal
 11239 | D:12     | Noticed a centaur warrior
 11247 | D:12     | Killed a centaur warrior
 11266 | D:12     | Noticed a white ugly thing
 11280 | D:12     | Noticed a two-headed ogre
 11287 | D:12     | Killed a white ugly thing
 11292 | D:12     | Killed a two-headed ogre
 11297 | D:12     | Noticed a two-headed ogre
 11299 | D:12     | Reached XP level 12. HP: 26/106 MP: 11/13
 11312 | D:12     | HP: 1/106 [two-headed ogre/+0 giant club (6)]
 11738 | D:12     | You fall through a shaft for 3 floors!
 11738 | D:15     | Entered Level 15 of the Dungeon
 11746 | D:15     | Noticed a catoblepas
 11747 | D:15     | Noticed Rupert
 11755 | D:15     | Killed a catoblepas
 11755 | D:15     | Reached skill level 10 in Fighting
 11763 | D:15     | HP: 5/106 [Rupert/+0 great sword of slicing (21)]
 11763 | D:15     | HP: 2/106 [Rupert/+0 great sword of slicing (3)]
 11767 | D:15     | Mangled by Rupert

Skill      XL: |  1  2  3  4  5  6  7  8  9 10 11 12 |
---------------+-------------------------------------+-----
Shields        | 4 5 6 7 8 10 11 | 11.4
Axes           | 3 4 5 7 8 10 12 14 | 14.8
Fighting       | 4 5 6 7 8 9 10 | 10.0
Armour         | 4 5 6 7 8 9 |  9.1
Dodging        | 1 2 3 4 5 6 |  6.7
Invocations    | 2 3 |  3.2

Action                   |  1- 3 |  4- 6 |  7- 9 | 10-12 || total
-------------------------+-------+-------+-------+-------++-------
Melee: War axe           |   145 |   171 |   221 |   465 ||  1002
       Headbutt          |    14 |    29 |    40 |   140 ||   223
Throw: Throwing net      |       |       |       |     1 ||     1
Invok: Upheaval          |       |       |       |     2 ||     2
       Elemental Force   |       |       |       |     1 ||     1
Evoke: Wand              |       |       |       |     3 ||     3
  Use: Potion            |       |       |     6 |     8 ||    14
       Scroll            |       |       |       |     7 ||     7
 Stab: Held in net/web   |       |       |       |     1 ||     1
  Eat: Chunk             |     1 |     9 |    11 |    11 ||    32
       Ration            |       |       |       |     1 ||     1
Armor: Scale mail        |    70 |    64 |    37 |       ||   171
       Leather armour    |       |       |    10 |    35 ||    45
       Skin              |       |       |    29 |     4 ||    33
Dodge: Dodged            |    42 |    33 |    49 |   122 ||   246
       Deflected         |       |       |       |     1 ||     1
Block: Shield            |    40 |       |   110 |   343 ||   493
       Large shield      |    72 |   144 |    50 |       ||   266
